 Dungeon Crawl Stone Soup version 0.29.1-15-g9cfb28693d (webtiles) character file.

Game seed: 17008808633802698959

22 GigaChad the Shield-Bearer (level 2, 27/27 HPs)
             Began as a Minotaur Fighter on Mar 13, 2023.
             Quit the game on level 2 of the Dungeon.
             The game lasted 00:00:58 (388 turns).

GigaChad the Shield-Bearer (Minotaur Fighter)        Turns: 388, Time: 00:00:59

Health: 27/27      AC:  8    Str: 20    XL:     2   Next: 68%
Magic:  1/1        EV:  9    Int:  5    God:
Gold:   13         SH:  4    Dex:  9    Spells: 1/1 levels left

rFire   . . .      SeeInvis .   a - +0 war axe (flame)
rCold   . . .      Faith    .   c - +0 buckler
rNeg    . . .      Spirit   .   b - +1 scale mail
rPois   .          Reflect  .   (helmet restricted)
rElec   .          Harm     .   (no cloak)
rCorr   .          Rampage  .   (no gloves)
Will    .....                   (no boots)
Stlth   ..........              (no amulet)
HPRegen 0.09/turn               (no ring)
MPRegen 0.07/turn               (no ring)

@: no status effects
A: horns 2, retaliatory headbutt
a: no special abilities


You were on level 2 of the Dungeon.
You visited 1 branch of the dungeon, and saw 2 of its levels.

You collected 13 gold pieces.

Inventory:

Hand Weapons
 a - a +0 war axe of flaming (weapon)
Armour
 b - a +1 scale mail (worn)
 c - a +0 buckler (worn)
Scrolls
 e - a scroll of silence {unknown}
 i - a scroll of torment {unknown}
 j - a scroll of poison {unknown}
 l - a scroll of magic mapping {unknown}
 m - a scroll of fog {unknown}
Potions
 d - a potion of might
 g - a potion of flight {unknown}
 h - 2 potions of brilliance {unknown}


   Skills:
 + Level 4.0 Fighting
 + Level 2.6 Axes
 + Level 4.0 Armour
 + Level 4.1 Shields


You had one spell level left.
You didn't know any spells.
Your spell library was empty.

Dungeon Overview and Level Annotations

Branches:
Dungeon (2/15)

Altars:


Innate Abilities, Weirdness & Mutations

You have a pair of horns on your head.
You reflexively headbutt those who attack you in melee.


Message History

A kobold is nearby!
A kobold is nearby!
You closely miss the kobold. You block the kobold's attack.
The kobold hits you but does no damage.
You closely miss the kobold. Your headbutt misses the kobold.
You block the kobold's attack.
You hit the kobold.
The kobold is severely wounded.
The kobold misses you. The kobold hits you but does no damage.
You slash the kobold!
You kill the kobold!
No target in view!
You see here a +0 dagger.
Found 3 stones.
An endoplasm comes into view.
The endoplasm quivers.
An endoplasm is nearby!
The endoplasm freezes you.
You are frozen.
You hit the endoplasm. You headbutt the endoplasm.
You kill the endoplasm!
No target in view!
A sourceless malevolence fills the Dungeon...
You fall into a shaft and drop 1 floor!
The shaft crumbles and collapses.
Found a scroll labelled IPRUG DUBUO and a scroll labelled BAESUBAETU.
Found a stone staircase leading down.
l - a scroll labelled IPRUG DUBUO
m - a scroll labelled BAESUBAETU
As you read the scroll labelled QESTRUR DONIS, it crumbles to dust.
It is a scroll of enchant armour.
Your +0 scale mail glows green for a moment.
As you read the scroll labelled PYABUNUCAI, it crumbles to dust.
It is a scroll of brand weapon.
Your +0 war axe is engulfed in flames!
a - a +0 war axe of flaming (weapon)
Are you sure you want to abandon this character and quit the game? (Confirm with "yes".)
Okay, then.
Unknown command.
Are you sure you want to abandon this character and quit the game? (Confirm with "yes".)

## # .# .
.#.#
####.#.#
#......
#....#
#.##....#
#....@..#
#######.####
...........#
.#.#..#.##.#
...#..#.# ..
........#
...
..>....## ..
.#..... .
.......


There were no monsters in sight!

Vanquished Creatures
  A dart slug (D:1)
  A ball python (D:1)
  A bat (D:1)
  An endoplasm (D:1)
  A giant cockroach (D:1)
  3 hobgoblins (D:1)
  4 jackals (D:1)
  A kobold (D:1)
  A quokka (D:1)
  2 frilled lizards (D:1)
16 creatures vanquished.

Notes
Turn   | Place    | Note
-------+----------+-------------------------------------------
     0 | D:1      | GigaChad the Minotaur Fighter began the quest for the Orb.
     0 | D:1      | Reached XP level 1. HP: 19/19 MP: 0/0
    43 | D:1      | Reached XP level 2. HP: 26/27 MP: 1/1
   376 | D:1      | You fall into a shaft and drop 1 floor!
   388 | D:2      | Quit the game

Illustrated notes

Levels and vault maps discovered:
D:1:      lightli_arrival_lavapool, layout_loops_cross
D:2:      layout_loops_cross, shapermc_ecumenical_altar_acropolis, st_stairs_11,
          kennysheep_generic_room_6

Skill      XL: |  1  2 |
---------------+-------+-----
Shields        | 4 |  4.1
Fighting       | 4 |  4.0
Armour         | 4 |  4.0
Axes           | |  2.6

Action                   || total
-------------------------++-------
Melee: War axe           ||    31
       Headbutt          ||     3
  Use: Scroll            ||     2
Armor: Scale mail        ||    24
Dodge: Dodged            ||    12
Block: Buckler           ||     9
